 Dungeon Crawl Stone Soup version 0.18-a0-1405-g73f4075 (webtiles) character file.

1191 namelastname112 the Conjurer (level 8, 57/57 HPs)
             Began as a Green Draconian Conjurer on Feb 24, 2016.
             Quit the game in the Ecumenical Temple.
             The game lasted 00:08:15 (4715 turns).

namelastname112 the Conjurer (DrCj)                 Turns: 4715, Time: 00:08:15

Health: 57/57      AC:  8    Str: 10    XL:     8   Next: 20%
Magic:  16/16      EV: 12    Int: 18    God:
Gold:   146        SH:  0    Dex: 12    Spells: 3 memorised, 10 levels left

rFire  . . .     SeeInvis .     j - +0 dagger (drain)
rCold  . . .     Gourm    .     (armour unavailable)
rNeg   + . .     Faith    .     (no shield)
rPois  +         Spirit   .     (helmet restricted)
rElec  .         Dismiss  .     (no cloak)
rCorr  .         Reflect  .     n - +0 pair of gloves
SustAt .         Harm     .     i - +0 pair of boots
MR     .....                    (no amulet)
Stlth  ++........               (no ring)
                                v - ring of positive energy

@: not resistant to hostile enchantments, unstealthy
A: breathe noxious fumes, unfitting armour, poison resistance, cold-blooded, AC
+6
a: Breathe Noxious Fumes


You were in the Ecumenical Temple.
You were hungry.

You visited 2 branches of the dungeon, and saw 6 of its levels.

You collected 146 gold pieces.

Inventory:

Hand Weapons
 j - a +0 dagger of draining (weapon)
Armour
 i - a +0 pair of boots (worn)
 n - a +0 pair of gloves (worn)
Jewellery
 v - a ring of positive energy (left hand)
Wands
 q - a wand of iceblast (12/15)
Scrolls
 d - 4 scrolls of identify {unknown}
 e - 5 scrolls of remove curse {unknown}
 f - a scroll of magic mapping {unknown}
 g - 2 scrolls of blinking {unknown}
 k - a scroll of noise {unknown}
 o - a scroll of teleportation {unknown}
 r - a scroll of recharging {unknown}
Potions
 c - a potion of heal wounds {unknown}
 m - 3 potions of berserk rage
 s - a potion of agility {unknown}
 u - a potion of lignification {unknown}
Books
 a - a book of Conjurations

   Spells                             Type                      Level
   a - Magic Dart                     Conjuration                  1
   b - Searing Ray                    Conjuration                  2
   c - Dazzling Spray                 Conjuration/Hexes            3
   d - Fulminant Prism                Conjuration/Hexes            4
   e - Iskenderun's Mystic Blast      Conjuration                  4
   f - Iskenderun's Battlesphere      Conjuration/Charms           5
Comestibles
 b - 4 bread rations
 l - 3 meat rations
 p - 2 beef jerkies
 t - a slice of pizza


   Skills:
 - Level 1.7 Dodging
 - Level 1.7 Stealth
 + Level 5.8 Spellcasting
 + Level 7.1 Conjurations
 + Level 4.3 Charms


You had 10 spell levels left.
You knew the following spells:

 Your Spells              Type           Power        Failure   Level  Hunger
a - Iskenderun's Battles  Conj/Chrm      ####....     34%         5    #####..
x - Searing Ray           Conj           ####..       1%          2    None
z - Magic Dart            Conj           ####         1%          1    None


Dungeon Overview and Level Annotations

Branches:
Dungeon (5/15)             Temple (1/1) D:5

Altars:
Ashenzari
Cheibriados
Elyvilon
Fedhas
Gozag
Kikubaaqudgha
Makhleb
Nemelex Xobeh
Ru
Sif Muna
Xom
Yredelemnul
Zin
The Shining One

Shops:
D:4 *


Innate Abilities, Weirdness & Mutations

You can breathe blasts of noxious fumes.
Your lurid green scales are hard (AC +6).
Your body does not fit into most forms of armour.
Your system is resistant to poisons.
You are cold-blooded and may be slowed by cold attacks.


Message History

You are feeling hungry.
Found a snail-covered altar of Cheibriados.
Key pressed, stopping explore.
Found a glowing golden altar of the Shining One.
Found a shimmering altar of Xom.
Found a basalt altar of Yredelemnul.
Key pressed, stopping explore.
Found a burning altar of Makhleb.
There is a burning altar of Makhleb here.
Key pressed, stopping explore.
Found a sacrificial altar of Ru.
Found a shattered altar of Ashenzari.
Key pressed, stopping explore.
Found a white marble altar of Elyvilon.
Found a glowing silver altar of Zin.
Done exploring.
Done exploring.
Unknown command.
Unknown command.
Are you sure you want to abandon this character and quit the game? (Confirm with "yes".)

###.####.......................
##.....#..#####.#######.#######.
#........## #.# #.# #.
#.._....## ###.### ###.### ###.
#.......# ##.....###.....###...
##.....## #.......#.......#....
####.### #..._...#..._...#..._
#...#####.....###.....###...
###.....###@#######.#######.
#####.....................
######################


There were no monsters in sight!

Vanquished Creatures
  Grinder (D:5)
  Duvessa (D:5)
  An ice beast (D:5)
  An ogre (D:4)
  Dowan (D:5)
  A centaur zombie (D:5)
  A crimson imp (D:5)
  A gnoll shaman (D:4)
  A hound (D:4)
  2 orc priests
  Ijyb (D:3)
  3 orc wizards
  A worker ant (D:5)
  Terence (D:3)
  A hound skeleton (D:4)
  Robin (D:3)
  9 gnolls
  5 adders
  2 oozes
  2 adder zombies (D:5)
  7 worms
  3 dart slugs
  5 giant geckos
  10 orcs
  6 bats
  8 giant cockroaches
  13 goblins
  14 hobgoblins
  9 jackals
  A quokka (D:2)
  2 ball pythons
  A giant newt (D:4)
  A jackal skeleton (D:4)
  9 kobolds
  A quokka skeleton (D:5)
  10 rats
137 creatures vanquished.

Notes
Turn   | Place    | Note
--------------------------------------------------------------
     0 | D:1      | namelastname112 the Draconian Conjurer began the quest for the Orb.
     0 | D:1      | Reached XP level 1. HP: 14/14 MP: 3/3
   126 | D:1      | Reached XP level 2. HP: 15/20 MP: 0/5
   140 | D:1      | Learned a level 2 spell: Searing Ray
   596 | D:2      | Reached XP level 3. HP: 26/26 MP: 5/7
   636 | D:2      | Found a white marble altar of Elyvilon.
   763 | D:2      | Found a blossoming altar of Fedhas.
   768 | D:2      | Found a sparkling altar of Nemelex Xobeh.
   945 | D:2      | Reached XP level 4. HP: 33/33 MP: 6/8
  1068 | D:3      | Reached skill level 5 in Conjurations
  1287 | D:3      | Noticed Robin
  1306 | D:3      | Killed Robin
  1423 | D:3      | Reached XP level 5. HP: 38/38 MP: 4/10
  1439 | D:3      | Noticed Ijyb
  1444 | D:3      | Learned a level 5 spell: Iskenderun's Battlesphere
  1469 | D:3      | Killed Ijyb
  1572 | D:3      | Noticed Terence
  1585 | D:3      | Killed Terence
  1714 | D:3      | Reached skill level 1 in Charms
  2493 | D:4      | Noticed an ogre
  2499 | D:4      | Killed an ogre
  2499 | D:4      | Reached XP level 6. HP: 45/45 MP: 5/12
  2794 | D:4      | Reached skill level 6 in Conjurations
  2880 | D:4      | Found Ygiyzer's General Store.
  3102 | D:3      | Reached XP level 7. HP: 37/50 MP: 9/14
  3102 | D:3      | Your scales start taking on a lurid green colour.
  3102 | D:3      | Gained mutation: Your system is resistant to poisons. [Green Draconian growth]
  3836 | D:5      | Entered Level 5 of the Dungeon
  3945 | D:5      | Reached skill level 5 in Spellcasting
  3980 | D:5      | Noticed Duvessa
  4061 | D:5      | Noticed Dowan
  4070 | D:5      | Killed Duvessa
  4088 | D:5      | Killed Dowan
  4316 | D:5      | Noticed Grinder
  4347 | D:5      | Killed Grinder
  4347 | D:5      | Reached skill level 7 in Conjurations
  4347 | D:5      | Reached XP level 8. HP: 11/57 MP: 2/16
  4506 | D:5      | Found a staircase to the Ecumenical Temple.
  4541 | Temple   | Entered the Ecumenical Temple
  4715 | Temple   | Quit the game

Vault maps used:
D:1:      moated_graveyard_arrival
D:2:      minitemple, elyvilon_altar_4
D:3:      uniq_robin, uniq_iyjb, uniq_terence
D:4:      serial_shops, nicolae_shop_stone, first_bread,
          roderic_ancient_swastika
D:5:      minmay_temple_entry_junction, kennysheep_another_room, uniq_edmund,
          uniq_grinder, uniq_duvessa
Temple:   chambers_temple_12

Skill      XL: |  1  2  3  4  5  6  7 |
---------------+----------------------+-----
Spellcasting   | 3 4 5 |  5.8
Conjurations   | 5 6 7 |  7.1
Charms         | 1 2 4 |  4.3
Dodging        | |  1.7
Stealth        | |  1.7

Action                   |  1- 3 |  4- 6 |  7- 9 || total
-------------------------+-------+-------+-------++-------
Melee: Unarmed           |    17 |       |       ||    17
       Dagger            |    60 |    73 |    28 ||   161
 Cast: Magic Dart        |    59 |   147 |    87 ||   293
       Searing Ray       |       |     7 |     4 ||    11
 Abil: Breathe Noxious F |       |       |     3 ||     3
  Use: Potion            |       |       |     2 ||     2
 Stab: Confused          |       |       |     1 ||     1
  Eat: Chunk             |       |     7 |     6 ||    13
